Tucson Roadrunners vs Philadelphia Phantoms
Created - Sunday, December 15, 2024 at 09:05
Goals
|
| Tucson Roadrunners |
1 |
2 |
2 |
5 |
| Philadelphia Phantoms |
0 |
0 |
2 |
2 |
|
Shots
|
| Tucson Roadrunners |
7 |
13 |
6 |
26 |
| Philadelphia Phantoms |
4 |
15 |
9 |
28 |
|
1st period
1. Tucson Roadrunners , William Carrier 1 (Nicolas Petan 1) at 9:15 (PP)
Penalties :
Brett Murray (PHP) for High sticking (Minor) at 6:08, Egor Afanasyev (PHP) for Fighting (Major) at 8:55, Nick Seeler (TRR) for Fighting (Major) at 8:55, Egor Afanasyev (PHP) for instigated a fight (Minor) at 8:55, Egor Afanasyev (PHP) for instigated and being the aggresor in a fight (20 Minutes Game Misconduct) at 8:55
2nd period
2. Tucson Roadrunners , Matt Nieto 1 (Kiefer Sherwood 1, Topias Vilen 1) at 1:43
3. Tucson Roadrunners , Owen Sillinger 1 (Gage Goncalves 1, Hunter Shepard) at 11:17
Penalties :
Brett Murray (PHP) for Interference (Minor) at 3:39, Nick Seeler (TRR) for Hooking (Minor) at 4:55, Maksymilian Szuber (TRR) for Roughing (Minor) at 13:51
3rd period
4. Tucson Roadrunners , Matt Nieto 2 (Kiefer Sherwood 2) at 0:24
5. Philadelphia Phantoms , Tye Kartye 1 (Jack McBain 1) at 5:02
6. Philadelphia Phantoms , Alex Steeves 1 (Juuso Parssinen 1, Brett Murray 1) at 9:31
7. Tucson Roadrunners , William Carrier 2 (Anthony Richard 1, Nicolas Petan 2) at 14:26
Penalties :
Nicolas Petan (TRR) for Slashing (Minor) at 1:07, Adam Klapka (PHP) for Fighting (Major) at 5:00, Maxwell Crozier (TRR) for Fighting (Major) at 5:00, Marcus Bjork (PHP) for Fighting (Major) at 9:40, Topias Vilen (TRR) for Fighting (Major) at 9:40
Goalie Stats
Hunter Shepard (TRR), 26 saves from 28 shots - (0.929), W, 1-0-0, 60:00 minutes
Jake Allen (PHP), 21 saves from 26 shots - (0.808), L, 0-1-0, 60:00 minutes
Players Stats for Tucson Roadrunners
Player Name G A P +/- PIM S H SB GA TA FO MP PP MP PK MP
------------------------------------------------------------------------------------
Anthony Richard 0 1 1 1 0 1 3 0 2 0 0/0 16:38 1:40 0:00
Ben Jones 0 0 0 0 0 0 0 1 0 0 1/1 6:19 0:00 0:00
Brock McGinn 0 0 0 1 0 0 0 0 0 0 1/2 18:01 1:55 2:24
Chase Wheatcroft 0 0 0 0 0 0 0 0 0 0 0/0 6:28 0:00 0:09
Gage Goncalves 0 1 1 0 0 4 0 2 1 0 0/0 15:32 0:00 0:18
Kiefer Sherwood 0 2 2 0 0 4 1 0 0 0 6/26 22:14 1:55 2:36
Maksymilian Szuber 0 0 0 -1 2 0 2 1 0 0 0/0 17:22 0:00 0:00
Matt Nieto 2 0 2 1 0 4 3 1 1 0 0/0 19:01 1:55 2:32
Maxwell Crozier 0 0 0 1 5 2 6 0 0 2 0/0 19:41 1:38 2:47
Nick Seeler 0 0 0 -1 7 3 2 1 0 0 0/0 19:59 1:37 2:06
Nicolas Petan 0 2 2 1 2 0 3 1 1 0 5/6 17:32 1:40 0:05
Owen Sillinger 1 0 1 0 0 2 2 2 0 0 0/1 14:35 0:00 0:00
Robert Hagg 0 0 0 2 0 0 2 0 0 1 0/0 23:55 1:57 2:27
Samuel Knazko 0 0 0 1 0 1 0 0 0 2 0/0 16:59 0:00 0:41
Topias Vilen 0 1 1 2 5 0 1 4 0 0 0/0 22:17 1:57 2:27
Walker Duehr 0 0 0 0 0 0 3 0 0 0 0/8 14:35 0:00 0:00
William Carrier 2 0 2 1 0 5 3 0 1 1 1/5 19:21 1:40 2:24
Zach Dean 0 0 0 1 0 0 0 1 0 0 1/2 3:28 0:00 0:00
Players Stats for Philadelphia Phantoms
Player Name G A P +/- PIM S H SB GA TA FO MP PP MP PK MP
------------------------------------------------------------------------------------
Adam Klapka 0 0 0 -1 5 1 1 0 2 1 5/7 14:02 0:00 1:45
Alex Steeves 1 0 1 1 0 3 2 0 0 1 0/0 15:38 2:47 0:00
Brandon Duhaime 0 0 0 -1 0 2 2 0 0 0 0/0 15:38 0:11 1:45
Brett Murray 0 1 1 1 4 3 2 2 0 0 5/5 18:25 2:40 0:00
Egor Afanasyev 0 0 0 0 27 0 0 0 0 0 2/2 1:49 0:00 0:00
Jack McBain 0 1 1 0 0 3 3 0 1 0 18/27 20:11 2:27 1:50
James Malatesta 0 0 0 -2 0 4 3 0 0 0 0/0 14:40 1:55 0:00
Jaret Anderson-Dolan 0 0 0 -1 0 0 1 0 0 1 0/0 13:12 0:00 0:00
Juuso Parssinen 0 1 1 1 0 2 2 0 2 0 1/1 15:49 2:38 0:00
Louis Crevier 0 0 0 0 0 0 1 0 0 0 0/0 14:58 0:00 0:00
Luca Del Bel Belluz 0 0 0 -2 0 1 1 0 0 1 4/8 12:56 0:00 0:00
Marcus Bjork 0 0 0 -1 5 2 0 0 0 0 0/0 20:03 2:50 1:47
Nick Blankenburg 0 0 0 -1 0 0 4 1 0 1 0/0 22:41 2:24 1:48
Pontus Holmberg 0 0 0 -2 0 2 3 0 0 0 1/1 19:19 1:09 1:50
Ryan Johnson 0 0 0 -1 0 0 0 2 0 0 0/0 22:21 2:50 1:47
Tye Kartye 1 0 1 0 0 3 1 0 0 1 0/0 13:59 1:55 0:00
Tyler Kleven 0 0 0 0 0 1 0 2 0 0 0/0 17:15 0:00 0:00
William Borgen 0 0 0 -1 0 1 3 4 1 0 0/0 22:41 2:24 1:48
3 Stars
1 - Matt Nieto (TRR)
2 - William Carrier (TRR)
3 - Owen Sillinger (TRR)
Power Play
Tucson Roadrunners - 1 on 3 Attempt(s) - 33.33%
Philadelphia Phantoms - 0 on 3 Attempt(s) - 0.00%
Penalty Kill
Tucson Roadrunners - 3 on 3 Attempt(s) - 100.00%
- Score 0 goal in Penalty Kill
Philadelphia Phantoms - 2 on 3 Attempt(s) - 66.67%
- Score 0 goal in Penalty Kill
Team Stat
Tucson Roadrunners - Hits : 31 - Faceoff Wins : 15 - Blocked Shots : 14 - Penalty Minutes : 21
Philadelphia Phantoms - Hits : 29 - Faceoff Wins : 36 - Blocked Shots : 11 - Penalty Minutes : 41
Official
Referees : Justin St. Pierre and Tj Luxmore
Linesman : Travis Gawryletz and Jonathan Deschamps
Game Notes
Egor Afanasyev and Nick Seeler fight to a draw at 8:55 of 1st period
Egor Afanasyev (PHP) for instigated and being the aggresor in a fight (20 Minutes Game Misconduct) at 8:55
Egor Afanasyev ejected from game at 8:55 of 1st period
Maxwell Crozier beats up Adam Klapka at 5:00 of 3rd period
Topias Vilen beats up Marcus Bjork at 9:40 of 3rd period
Tucson Roadrunners
5 vs 5 Forward
Center Left Wing Right Wing Time % Phy DF OF
1 Kiefer Sherwood Matt Nieto Brock McGinn 40 0 2 3
2 Nicolas Petan William Carrier Anthony Richard 30 0 2 3
3 Walker Duehr Gage Goncalves Owen Sillinger 25 0 2 3
4 Ben Jones Chase Wheatcroft Kiefer Sherwood 5 1 2 2
5 vs 5 Defense
Defense Defense Time % Phy DF OF
1 Nick Seeler Maxwell Crozier 35 1 3 1
2 Robert Hagg Topias Vilen 35 1 3 1
3 Maksymilian Szuber Samuel Knazko 25 1 3 1
4 Nick Seeler Maxwell Crozier 5 1 2 2
PowerPlay Forward
Center Left Wing Right Wing Time % Phy DF OF
1 Kiefer Sherwood Matt Nieto Brock McGinn 50 0 1 4
2 Nicolas Petan William Carrier Anthony Richard 50 0 1 4
PowerPlay Defense
Defense Defense Time % Phy DF OF
1 Nick Seeler Maxwell Crozier 50 1 2 2
2 Robert Hagg Topias Vilen 50 1 2 2
Penalty Kill 4 Players Forward
Center Wing Time % Phy DF OF
1 Kiefer Sherwood Matt Nieto 50 1 3 1
2 William Carrier Brock McGinn 50 1 3 1
Penalty Kill 4 Players Defense
Defense Defense Time % Phy DF OF
1 Nick Seeler Maxwell Crozier 50 1 3 1
2 Robert Hagg Topias Vilen 50 1 3 1
Penalty Kill - 3 Players Forward
Forward Time % Phy DF OF
1 Kiefer Sherwood 50 1 2 2
2 Matt Nieto 50 1 2 2
Penalty Kill - 3 Players Defense
Defense Defense Time % Phy DF OF
1 Nick Seeler Maxwell Crozier 50 1 2 2
2 Robert Hagg Topias Vilen 50 1 2 2
4 vs 4 Forward
Center Wing Time % Phy DF OF
1 Kiefer Sherwood Matt Nieto 50 1 2 2
2 William Carrier Brock McGinn 50 1 2 2
4 vs 4 Defense
Defense Defense Time % Phy DF OF
1 Nick Seeler Maxwell Crozier 50 1 2 2
2 Robert Hagg Topias Vilen 50 1 2 2
Last Minutes Offensive
Center Left Wing Right Wing Defense Defense
Kiefer Sherwood Matt Nieto Brock McGinn Nick Seeler Maxwell Crozier
Last Minutes Defensive
Center Left Wing Right Wing Defense Defense
Kiefer Sherwood Matt Nieto Brock McGinn Nick Seeler Maxwell Crozier
Goaltenders
Starting : Hunter Shepard
Backup : Kaapo Kahkonen
Extra Forwards
Normal : Zach Dean, Walker Duehr, Gage Goncalves - PP : Zach Dean, Walker Duehr - PK : Gage Goncalves
Extra Defensemen
Normal : Maksymilian Szuber, Samuel Knazko, Robert Hagg - PP : Maksymilian Szuber - PK : Samuel Knazko, Robert Hagg
Penalty Shots
Kiefer Sherwood, Matt Nieto, William Carrier, Brock McGinn, Nicolas Petan
Scratches
Ondrej Pavel (Healthy), Alexander Kisakov (Healthy), Jack Matier (Healthy), Lleyton Moore (Healthy), Tanner Dickinson (Healthy)
Corson Ceulemans (Healthy), Trevor Kuntar (Healthy), Hunter Drew (Healthy), Ole Julian Bjorgvik Holm (Healthy), Magnus Chrona (Healthy)
Georgi Romanov (Healthy), Kevin Mandolese (Healthy), Arturs Silovs (Healthy)
Philadelphia Phantoms
5 vs 5 Forward
Center Left Wing Right Wing Time % Phy DF OF
1 Egor Afanasyev Juuso Parssinen Alex Steeves 25 0 1 4
2 Jack McBain Tye Kartye Brett Murray 25 0 2 3
3 Luca Del Bel Belluz James Malatesta Pontus Holmberg 25 0 2 3
4 Adam Klapka Brandon Duhaime Jaret Anderson-Dolan 25 0 1 4
5 vs 5 Defense
Defense Defense Time % Phy DF OF
1 William Borgen Nick Blankenburg 35 0 3 2
2 Ryan Johnson Marcus Bjork 35 0 3 2
3 Tyler Kleven Louis Crevier 30 0 3 2
4 William Borgen Nick Blankenburg 0 0 3 2
PowerPlay Forward
Center Left Wing Right Wing Time % Phy DF OF
1 Egor Afanasyev Juuso Parssinen Alex Steeves 50 0 0 5
2 Jack McBain James Malatesta Tye Kartye 50 0 0 5
PowerPlay Defense
Defense Defense Time % Phy DF OF
1 William Borgen Nick Blankenburg 50 0 1 4
2 Ryan Johnson Marcus Bjork 50 0 1 4
Penalty Kill 4 Players Forward
Center Wing Time % Phy DF OF
1 Jack McBain Pontus Holmberg 50 0 5 0
2 Adam Klapka Brandon Duhaime 50 0 5 0
Penalty Kill 4 Players Defense
Defense Defense Time % Phy DF OF
1 William Borgen Nick Blankenburg 50 0 5 0
2 Ryan Johnson Marcus Bjork 50 0 5 0
Penalty Kill - 3 Players Forward
Forward Time % Phy DF OF
1 Jack McBain 50 0 5 0
2 Pontus Holmberg 50 0 5 0
Penalty Kill - 3 Players Defense
Defense Defense Time % Phy DF OF
1 William Borgen Nick Blankenburg 50 0 5 0
2 Ryan Johnson Marcus Bjork 50 0 5 0
4 vs 4 Forward
Center Wing Time % Phy DF OF
1 Egor Afanasyev Juuso Parssinen 50 0 1 4
2 Jack McBain Tye Kartye 50 0 2 3
4 vs 4 Defense
Defense Defense Time % Phy DF OF
1 William Borgen Nick Blankenburg 50 0 3 2
2 Ryan Johnson Marcus Bjork 50 0 3 2
Last Minutes Offensive
Center Left Wing Right Wing Defense Defense
Egor Afanasyev Juuso Parssinen James Malatesta William Borgen Nick Blankenburg
Last Minutes Defensive
Center Left Wing Right Wing Defense Defense
Jack McBain Pontus Holmberg Brandon Duhaime William Borgen Nick Blankenburg
Goaltenders
Starting : Jake Allen
Backup : Spencer Martin
Extra Forwards
Normal : Brett Murray, Juuso Parssinen, Pontus Holmberg - PP : Brett Murray, Juuso Parssinen - PK : Jack McBain
Extra Defensemen
Normal : Tyler Kleven, William Borgen, Marcus Bjork - PP : Tyler Kleven - PK : William Borgen, Marcus Bjork
Penalty Shots
Egor Afanasyev, Alex Steeves, Juuso Parssinen, Brett Murray, Luca Del Bel Belluz
Scratches
Nils Aman (Healthy), Filip Cederqvist (Healthy), Tyrel Bauer (Healthy), Matthew Seminoff (Healthy), Ryan Hofer (Healthy)
Josh Lopina (Healthy), Dennis Hildeby (Healthy)
% Time on Ice - Tucson Roadrunners
Lines # - Real PCT - Wanted PCT - Time Play
Normal Forward
1 - 28% - 40% - 14:11
2 - 30% - 30% - 15:23
3 - 29% - 25% - 14:35
4 - 13% - 5% - 6:19
Normal Defense
1 - 37% - 35% - 18:49
2 - 37% - 35% - 18:38
3 - 24% - 25% - 12:16
4 - 1% - 5% - 0:45
PP Forward
1 - 53% - 50% - 1:55
2 - 47% - 50% - 1:40
PP Defense
1 - 46% - 50% - 1:38
2 - 54% - 50% - 1:57
PK Forward
1 - 53% - 50% - 2:46
2 - 47% - 50% - 2:28
PK Defense
1 - 53% - 50% - 2:47
2 - 47% - 50% - 2:27
PK3 Forward
1 - 0% - 50%
2 - 0% - 50%
PK3 Defense
1 - 0% - 50%
2 - 0% - 50%
44 Forward
1 - 56% - 50% - 0:24
2 - 44% - 50% - 0:19
44 Defense
1 - 63% - 50% - 0:27
2 - 37% - 50% - 0:16
Last Minute Offensive - 0:00
Last Minute Defensive - 0:00
Total
Forward - 60:00
Defense - 60:00
|
% Time on Ice - Philadelphia Phantoms
Lines # - Real PCT - Wanted PCT - Time Play
Normal Forward
1 - 25% - 25% - 12:46
2 - 23% - 25% - 11:45
3 - 25% - 25% - 12:45
4 - 26% - 25% - 13:12
Normal Defense
1 - 35% - 35% - 17:48
2 - 35% - 35% - 17:42
3 - 30% - 30% - 14:58
4 - 0% - 0% - 0:00
PP Forward
1 - 63% - 50% - 3:19
2 - 37% - 50% - 1:55
PP Defense
1 - 46% - 50% - 2:24
2 - 54% - 50% - 2:50
PK Forward
1 - 51% - 50% - 1:50
2 - 49% - 50% - 1:45
PK Defense
1 - 50% - 50% - 1:48
2 - 50% - 50% - 1:47
PK3 Forward
1 - 0% - 50%
2 - 0% - 50%
PK3 Defense
1 - 0% - 50%
2 - 0% - 50%
44 Forward
1 - 56% - 50% - 0:24
2 - 44% - 50% - 0:19
44 Defense
1 - 95% - 50% - 0:41
2 - 5% - 50% - 0:02
Last Minute Offensive - 0:00
Last Minute Defensive - 0:00
Total
Forward - 60:00
Defense - 60:00
|
Play-by-Play
1st period
0:01 of 1st period - Egor Afanasyev wins face-off versus Kiefer Sherwood in neutral zone.
0:26 of 1st period - Nick Seeler is hit by Tye Kartye and loses puck.
1:52 of 1st period - Backhand shot by Alex Steeves.
1:52 of 1st period - Deflect By Egor Afanasyev.
1:52 of 1st period - Deflect By Walker Duehr.
1:52 of 1st period - Shot Misses the Net.
1:52 of 1st period - Puck is out of play.
1:53 of 1st period - Jack McBain wins face-off versus Walker Duehr in Tucson Roadrunners zone.
2:00 of 1st period - Wrist shot by Tye Kartye.
2:00 of 1st period - Shot Misses the Net.
2:02 of 1st period - Snap shot by Louis Crevier.
2:02 of 1st period - Shot Blocked by Nick Seeler.
2:04 of 1st period - Snap shot by Brett Murray.
2:04 of 1st period - Stopped by Hunter Shepard without a rebound.
2:05 of 1st period - Luca Del Bel Belluz wins face-off versus Kiefer Sherwood in Tucson Roadrunners zone.
2:08 of 1st period - Wrist shot by James Malatesta.
2:08 of 1st period - Shot Misses the Net.
2:30 of 1st period - Adam Klapka is hit by Maxwell Crozier and loses puck.
2:59 of 1st period - Snap shot by Gage Goncalves.
2:59 of 1st period - Shot Blocked by Brett Murray.
3:17 of 1st period - Wrist shot by Brock McGinn.
3:17 of 1st period - Shot Misses the Net.
3:49 of 1st period - Ben Jones is hit by Jaret Anderson-Dolan and loses puck.
4:08 of 1st period - Jack McBain is hit by Robert Hagg and loses puck.
4:34 of 1st period - Kiefer Sherwood is hit by Nick Blankenburg and loses puck.
4:41 of 1st period - Snap shot by Egor Afanasyev.
4:41 of 1st period - Shot Misses the Net.
4:51 of 1st period - Wrist shot by Anthony Richard.
4:51 of 1st period - Shot Misses the Net.
5:40 of 1st period - Anthony Richard is hit by Adam Klapka and loses puck.
5:45 of 1st period - Wrist shot by Brandon Duhaime.
5:45 of 1st period - Shot Misses the Net.
5:51 of 1st period - Anthony Richard is hit by Nick Blankenburg and loses puck.
6:05 of 1st period - Snap shot by Nicolas Petan.
6:05 of 1st period - Deflect By William Carrier.
6:05 of 1st period - Stopped by Jake Allen without a rebound.
6:06 of 1st period - Jack McBain wins face-off versus Kiefer Sherwood in Philadelphia Phantoms zone.
6:08 of 1st period - Minor Penalty to Brett Murray for High sticking.
6:09 of 1st period - Jack McBain wins face-off versus Kiefer Sherwood in Philadelphia Phantoms zone.
6:32 of 1st period - Icing by Maxwell Crozier.
6:33 of 1st period - Adam Klapka wins face-off versus Kiefer Sherwood in Tucson Roadrunners zone.
6:34 of 1st period - Slapshot by Brandon Duhaime.
6:34 of 1st period - Stopped by Hunter Shepard with a rebound.
6:48 of 1st period - Snap shot by Kiefer Sherwood.
6:48 of 1st period - Stopped by Jake Allen without a rebound.
6:49 of 1st period - Nicolas Petan wins face-off versus Jack McBain in Philadelphia Phantoms zone.
6:54 of 1st period - Snap shot by William Carrier.
6:54 of 1st period - Shot Misses the Net.
7:14 of 1st period - Kiefer Sherwood is hit by Brandon Duhaime and loses puck.
8:03 of 1st period - William Borgen is hit by Robert Hagg and loses puck.
8:08 of 1st period - Penalty to Brett Murray is over, Brett Murray is back on ice.
8:45 of 1st period - Snap shot by Nick Seeler.
8:45 of 1st period - Stopped by Jake Allen without a rebound.
8:46 of 1st period - Egor Afanasyev wins face-off versus William Carrier in Philadelphia Phantoms zone.
8:55 of 1st period - Egor Afanasyev and Nick Seeler fight to a draw.
8:55 of 1st period - Penalty to Egor Afanasyev for Fighting.
8:55 of 1st period - Penalty to Nick Seeler for Fighting.
8:55 of 1st period - Penalty to Egor Afanasyev for instigated a fight.
8:55 of 1st period - Penalty to Egor Afanasyev for instigated and being the aggresor in a fight.
8:55 of 1st period - Egor Afanasyev is ejected from game.
8:56 of 1st period - Nicolas Petan wins face-off versus Jack McBain in Tucson Roadrunners zone.
9:09 of 1st period - Snap shot by Anthony Richard.
9:09 of 1st period - Stopped by Jake Allen without a rebound.
9:10 of 1st period - Nicolas Petan wins face-off versus Adam Klapka in Philadelphia Phantoms zone.
9:13 of 1st period - Wrist shot by William Carrier.
9:13 of 1st period - Shot Blocked by Ryan Johnson.
9:15 of 1st period - Wrist shot by William Carrier.
9:15 of 1st period - Goal by William Carrier - Tucson Roadrunners : 1 - Philadelphia Phantoms : 0.
9:16 of 1st period - Luca Del Bel Belluz wins face-off versus Kiefer Sherwood in neutral zone.
10:22 of 1st period - Louis Crevier is hit by Maxwell Crozier and loses puck.
10:41 of 1st period - Wrist shot by Kiefer Sherwood.
10:41 of 1st period - Shot Hit the Post.
11:02 of 1st period - Robert Hagg is hit by Nick Blankenburg and loses puck.
11:19 of 1st period - Snap shot by Alex Steeves.
11:19 of 1st period - Stopped by Hunter Shepard with a rebound.
11:21 of 1st period - Wrist shot by Juuso Parssinen.
11:21 of 1st period - Shot Misses the Net.
11:23 of 1st period - Wrist shot by Brett Murray.
11:23 of 1st period - Shot Misses the Net.
11:37 of 1st period - Slapshot by Walker Duehr.
11:37 of 1st period - Deflect By Gage Goncalves.
11:37 of 1st period - Stopped by Jake Allen with a rebound.
11:55 of 1st period - Wrist shot by Kiefer Sherwood.
11:55 of 1st period - Stopped by Jake Allen with a rebound.
13:28 of 1st period - Brett Murray is hit by Nicolas Petan and loses puck.
13:51 of 1st period - Robert Hagg is hit by William Borgen and loses puck.
14:16 of 1st period - Jaret Anderson-Dolan is hit by Walker Duehr and loses puck.
14:34 of 1st period - Matt Nieto is hit by James Malatesta and loses puck.
15:19 of 1st period - Ben Jones is hit by Louis Crevier and loses puck.
15:30 of 1st period - Matt Nieto is hit by Luca Del Bel Belluz and loses puck.
15:35 of 1st period - Snap shot by James Malatesta.
15:35 of 1st period - Stopped by Hunter Shepard with a rebound.
16:11 of 1st period - Jack McBain is hit by Walker Duehr.
16:15 of 1st period - Ryan Johnson is hit by Maxwell Crozier and loses puck.
16:28 of 1st period - Ryan Johnson is hit by Maksymilian Szuber and loses puck.
16:39 of 1st period - Marcus Bjork is hit by Owen Sillinger and loses puck.
18:26 of 1st period - Snap shot by Brandon Duhaime.
18:26 of 1st period - Shot Blocked by Zach Dean.
18:38 of 1st period - Tyler Kleven is hit by Nick Seeler and loses puck.
18:49 of 1st period - Kiefer Sherwood is hit by Pontus Holmberg and loses puck.
19:08 of 1st period - Nick Blankenburg is hit by Anthony Richard.
19:12 of 1st period - Nick Blankenburg is hit by Nick Seeler and loses puck.
19:25 of 1st period - Maxwell Crozier is hit by William Borgen.
Goals for this period are 1 for Tucson Roadrunners vs 0 for Philadelphia Phantoms.
Shots for this period are 7 for Tucson Roadrunners vs 4 for Philadelphia Phantoms.
2nd period
0:01 of 2nd period - Jack McBain wins face-off versus Kiefer Sherwood in neutral zone.
0:04 of 2nd period - Matt Nieto is hit by Brett Murray.
0:39 of 2nd period - Icing by Samuel Knazko.
0:40 of 2nd period - Adam Klapka wins face-off versus Owen Sillinger in Tucson Roadrunners zone.
0:49 of 2nd period - Snap shot by Brandon Duhaime.
0:49 of 2nd period - Shot Misses the Net.
0:51 of 2nd period - Snap shot by Adam Klapka.
0:51 of 2nd period - Shot Blocked by Owen Sillinger.
0:53 of 2nd period - Wrist shot by Adam Klapka.
0:53 of 2nd period - Stopped by Hunter Shepard with a rebound.
0:55 of 2nd period - Slapshot by Nick Blankenburg.
0:55 of 2nd period - Shot Blocked by Owen Sillinger.
1:07 of 2nd period - Slapshot by James Malatesta.
1:07 of 2nd period - Shot Blocked by Gage Goncalves.
1:15 of 2nd period - Wrist shot by James Malatesta.
1:15 of 2nd period - Shot Misses the Net.
1:17 of 2nd period - Slapshot by Tyler Kleven.
1:17 of 2nd period - Shot Misses the Net.
1:27 of 2nd period - Snap shot by Jack McBain.
1:27 of 2nd period - Stopped by Hunter Shepard without a rebound.
1:28 of 2nd period - Kiefer Sherwood wins face-off versus Jack McBain in Tucson Roadrunners zone.
1:39 of 2nd period - Snap shot by Kiefer Sherwood.
1:39 of 2nd period - Shot Blocked by Ryan Johnson.
1:41 of 2nd period - Snap shot by Kiefer Sherwood.
1:41 of 2nd period - Shot Misses the Net.
1:43 of 2nd period - Snap shot by Matt Nieto.
1:43 of 2nd period - Goal by Matt Nieto - Tucson Roadrunners : 2 - Philadelphia Phantoms : 0.
1:44 of 2nd period - Brett Murray wins face-off versus Brock McGinn in neutral zone.
1:47 of 2nd period - Wrist shot by Jack McBain.
1:47 of 2nd period - Stopped by Hunter Shepard with a rebound.
1:49 of 2nd period - Wrist shot by Tye Kartye.
1:49 of 2nd period - Deflect By Brett Murray.
1:49 of 2nd period - Stopped by Hunter Shepard without a rebound.
1:50 of 2nd period - Kiefer Sherwood wins face-off versus Jack McBain in Tucson Roadrunners zone.
1:50 of 2nd period - Kiefer Sherwood is hit by Nick Blankenburg.
1:56 of 2nd period - Wrist shot by Tye Kartye.
1:56 of 2nd period - Shot Blocked by Topias Vilen.
1:58 of 2nd period - Slapshot by Nick Blankenburg.
1:58 of 2nd period - Deflect By Jack McBain.
1:58 of 2nd period - Shot Blocked by Topias Vilen.
1:58 of 2nd period - Puck is out of play.
1:59 of 2nd period - Jack McBain wins face-off versus Kiefer Sherwood in Tucson Roadrunners zone.
2:47 of 2nd period - Snap shot by Brandon Duhaime.
2:47 of 2nd period - Stopped by Hunter Shepard without a rebound.
2:48 of 2nd period - Adam Klapka wins face-off versus Walker Duehr in Tucson Roadrunners zone.
3:22 of 2nd period - Wrist shot by Gage Goncalves.
3:22 of 2nd period - Stopped by Jake Allen without a rebound.
3:23 of 2nd period - Kiefer Sherwood wins face-off versus Luca Del Bel Belluz in Philadelphia Phantoms zone.
3:28 of 2nd period - Snap shot by Kiefer Sherwood.
3:28 of 2nd period - Stopped by Jake Allen without a rebound.
3:29 of 2nd period - Kiefer Sherwood wins face-off versus Luca Del Bel Belluz in Philadelphia Phantoms zone.
3:30 of 2nd period - Slapshot by Matt Nieto.
3:30 of 2nd period - Stopped by Jake Allen with a rebound.
3:32 of 2nd period - Slapshot by Nick Seeler.
3:32 of 2nd period - Shot Misses the Net.
3:34 of 2nd period - Slapshot by Kiefer Sherwood.
3:34 of 2nd period - Shot Blocked by Tyler Kleven.
3:36 of 2nd period - Wrist shot by Nick Seeler.
3:36 of 2nd period - Stopped by Jake Allen without a rebound.
3:37 of 2nd period - Jack McBain wins face-off versus Kiefer Sherwood in Philadelphia Phantoms zone.
3:39 of 2nd period - Minor Penalty to Brett Murray for Interference.
3:40 of 2nd period - Adam Klapka wins face-off versus Nicolas Petan in Philadelphia Phantoms zone.
3:55 of 2nd period - 10 Minutes Misconduct Penalty to Egor Afanasyev is over.
4:08 of 2nd period - Slapshot by William Borgen.
4:08 of 2nd period - Shot Blocked by Matt Nieto.
4:55 of 2nd period - Minor Penalty to Nick Seeler for Hooking.
4:56 of 2nd period - Pontus Holmberg wins face-off versus Kiefer Sherwood in Tucson Roadrunners zone.
5:09 of 2nd period - Wrist shot by Pontus Holmberg.
5:09 of 2nd period - Stopped by Hunter Shepard with a rebound.
5:21 of 2nd period - Brock McGinn is hit by Jack McBain and loses puck.
5:39 of 2nd period - Penalty to Brett Murray is over, Brett Murray is back on ice.
5:51 of 2nd period - Snap shot by Pontus Holmberg.
5:51 of 2nd period - Shot Misses the Net.
6:55 of 2nd period - Penalty to Nick Seeler is over, Nick Seeler is back on ice.
8:32 of 2nd period - Marcus Bjork is hit by Maxwell Crozier and loses puck.
8:46 of 2nd period - Icing by Matt Nieto.
8:47 of 2nd period - Jack McBain wins face-off versus Walker Duehr in Tucson Roadrunners zone.
9:04 of 2nd period - Adam Klapka is hit by Matt Nieto and loses puck.
9:27 of 2nd period - Alex Steeves is hit by Nicolas Petan and loses puck.
9:44 of 2nd period - Slapshot by Walker Duehr.
9:44 of 2nd period - Shot Misses the Net.
9:46 of 2nd period - Slapshot by Maxwell Crozier.
9:46 of 2nd period - Stopped by Jake Allen with a rebound.
10:27 of 2nd period - Ben Jones is hit by William Borgen and loses puck.
10:46 of 2nd period - Tye Kartye is hit by Anthony Richard and loses puck.
11:17 of 2nd period - Wrist shot by Owen Sillinger.
11:17 of 2nd period - Goal by Owen Sillinger - Tucson Roadrunners : 3 - Philadelphia Phantoms : 0.
11:18 of 2nd period - Jack McBain wins face-off versus Kiefer Sherwood in neutral zone.
11:23 of 2nd period - Snap shot by Jack McBain.
11:23 of 2nd period - Stopped by Hunter Shepard with a rebound.
11:25 of 2nd period - Wrist shot by Brett Murray.
11:25 of 2nd period - Stopped by Hunter Shepard with a rebound.
11:27 of 2nd period - Slapshot by Marcus Bjork.
11:27 of 2nd period - Shot Misses the Net.
11:29 of 2nd period - Wrist shot by Jack McBain.
11:29 of 2nd period - Shot Misses the Net.
11:31 of 2nd period - Snap shot by Tye Kartye.
11:31 of 2nd period - Shot Misses the Net.
11:33 of 2nd period - Slapshot by Marcus Bjork.
11:33 of 2nd period - Stopped by Hunter Shepard with a rebound.
11:43 of 2nd period - Nick Seeler is hit by Pontus Holmberg and loses puck.
12:04 of 2nd period - Snap shot by Walker Duehr.
12:04 of 2nd period - Shot Blocked by William Borgen.
12:12 of 2nd period - Slapshot by Gage Goncalves.
12:12 of 2nd period - Stopped by Jake Allen without a rebound.
12:13 of 2nd period - Jack McBain wins face-off versus Kiefer Sherwood in Philadelphia Phantoms zone.
12:20 of 2nd period - Slapshot by Nick Blankenburg.
12:20 of 2nd period - Shot Misses the Net.
12:22 of 2nd period - Snap shot by William Borgen.
12:22 of 2nd period - Stopped by Hunter Shepard with a rebound.
12:24 of 2nd period - Slapshot by William Borgen.
12:24 of 2nd period - Shot Misses the Net.
12:44 of 2nd period - Snap shot by Alex Steeves.
12:44 of 2nd period - Shot Blocked by Nicolas Petan.
12:46 of 2nd period - Snap shot by Pontus Holmberg.
12:46 of 2nd period - Stopped by Hunter Shepard with a rebound.
12:48 of 2nd period - Slapshot by Tyler Kleven.
12:48 of 2nd period - Stopped by Hunter Shepard with a rebound.
12:58 of 2nd period - Snap shot by William Carrier.
12:58 of 2nd period - Shot Misses the Net.
13:00 of 2nd period - Snap shot by Gage Goncalves.
13:00 of 2nd period - Stopped by Jake Allen without a rebound.
13:01 of 2nd period - Adam Klapka wins face-off versus Walker Duehr in Philadelphia Phantoms zone.
13:16 of 2nd period - Icing by Walker Duehr.
13:17 of 2nd period - Jack McBain wins face-off versus Walker Duehr in Tucson Roadrunners zone.
13:28 of 2nd period - Wrist shot by Walker Duehr.
13:28 of 2nd period - Shot Blocked by Brett Murray.
13:34 of 2nd period - Wrist shot by Owen Sillinger.
13:34 of 2nd period - Stopped by Jake Allen with a rebound.
13:51 of 2nd period - Minor Penalty to Maksymilian Szuber for Roughing.
13:52 of 2nd period - Jack McBain wins face-off versus William Carrier in Tucson Roadrunners zone.
14:18 of 2nd period - Kiefer Sherwood is hit by Juuso Parssinen and loses puck.
14:23 of 2nd period - Wrist shot by Juuso Parssinen.
14:23 of 2nd period - Shot Blocked by Topias Vilen.
14:25 of 2nd period - Wrist shot by Juuso Parssinen.
14:25 of 2nd period - Stopped by Hunter Shepard without a rebound.
14:26 of 2nd period - Brett Murray wins face-off versus William Carrier in Tucson Roadrunners zone.
14:27 of 2nd period - Snap shot by Juuso Parssinen.
14:27 of 2nd period - Deflect By Brett Murray.
14:27 of 2nd period - Shot Misses the Net.
14:27 of 2nd period - Puck is out of play.
14:28 of 2nd period - Brett Murray wins face-off versus William Carrier in Tucson Roadrunners zone.
14:57 of 2nd period - Backhand shot by Nick Seeler.
14:57 of 2nd period - Stopped by Jake Allen with a rebound.
15:51 of 2nd period - Penalty to Maksymilian Szuber is over, Maksymilian Szuber is back on ice.
15:53 of 2nd period - Slapshot by Kiefer Sherwood.
15:53 of 2nd period - Stopped by Jake Allen with a rebound.
18:27 of 2nd period - Jaret Anderson-Dolan is hit by Matt Nieto and loses puck.
18:42 of 2nd period - Snap shot by James Malatesta.
18:42 of 2nd period - Stopped by Hunter Shepard with a rebound.
18:44 of 2nd period - Wrist shot by Pontus Holmberg.
18:44 of 2nd period - Deflect By James Malatesta.
18:44 of 2nd period - Stopped by Hunter Shepard without a rebound.
18:45 of 2nd period - Luca Del Bel Belluz wins face-off versus Walker Duehr in Tucson Roadrunners zone.
18:46 of 2nd period - Snap shot by Pontus Holmberg.
18:46 of 2nd period - Shot Blocked by Gage Goncalves.
19:18 of 2nd period - Nicolas Petan is hit by Brett Murray and loses puck.
19:37 of 2nd period - Wrist shot by Matt Nieto.
19:37 of 2nd period - Stopped by Jake Allen without a rebound.
19:38 of 2nd period - Juuso Parssinen wins face-off versus Kiefer Sherwood in Philadelphia Phantoms zone.
Goals for this period are 2 for Tucson Roadrunners vs 0 for Philadelphia Phantoms.
Shots for this period are 13 for Tucson Roadrunners vs 15 for Philadelphia Phantoms.
3rd period
0:01 of 3rd period - Jack McBain wins face-off versus Kiefer Sherwood in neutral zone.
0:04 of 3rd period - Slapshot by Marcus Bjork.
0:04 of 3rd period - Shot Misses the Net.
0:12 of 3rd period - Wrist shot by Tye Kartye.
0:12 of 3rd period - Stopped by Hunter Shepard without a rebound.
0:13 of 3rd period - Kiefer Sherwood wins face-off versus Luca Del Bel Belluz in Tucson Roadrunners zone.
0:24 of 3rd period - Snap shot by Matt Nieto.
0:24 of 3rd period - Goal by Matt Nieto - Tucson Roadrunners : 4 - Philadelphia Phantoms : 0.
0:25 of 3rd period - Brett Murray wins face-off versus Kiefer Sherwood in neutral zone.
0:28 of 3rd period - Wrist shot by Alex Steeves.
0:28 of 3rd period - Stopped by Hunter Shepard with a rebound.
0:40 of 3rd period - Snap shot by Kiefer Sherwood.
0:40 of 3rd period - Shot Blocked by Nick Blankenburg.
0:50 of 3rd period - William Borgen is hit by Topias Vilen and loses puck.
1:07 of 3rd period - Minor Penalty to Nicolas Petan for Slashing.
1:08 of 3rd period - William Carrier wins face-off versus Jack McBain in Tucson Roadrunners zone.
1:35 of 3rd period - Maxwell Crozier is hit by Juuso Parssinen and loses puck.
3:07 of 3rd period - Penalty to Nicolas Petan is over, Nicolas Petan is back on ice.
3:11 of 3rd period - Robert Hagg is hit by Pontus Holmberg and loses puck.
3:31 of 3rd period - Off-side.
3:32 of 3rd period - Nicolas Petan wins face-off versus Adam Klapka in neutral zone.
4:07 of 3rd period - Slapshot by Luca Del Bel Belluz.
4:07 of 3rd period - Stopped by Hunter Shepard without a rebound.
4:08 of 3rd period - Luca Del Bel Belluz wins face-off versus Zach Dean in Tucson Roadrunners zone.
4:09 of 3rd period - Wrist shot by James Malatesta.
4:09 of 3rd period - Stopped by Hunter Shepard without a rebound.
4:10 of 3rd period - Zach Dean wins face-off versus Jack McBain in Tucson Roadrunners zone.
4:10 of 3rd period - Zach Dean is hit by Jack McBain.
4:18 of 3rd period - Topias Vilen is hit by Jack McBain and loses puck.
5:00 of 3rd period - Maxwell Crozier beats up Adam Klapka.
5:00 of 3rd period - Penalty to Adam Klapka for Fighting.
5:00 of 3rd period - Penalty to Maxwell Crozier for Fighting.
5:01 of 3rd period - Jack McBain wins face-off versus Kiefer Sherwood in Tucson Roadrunners zone.
5:02 of 3rd period - Wrist shot by Tye Kartye.
5:02 of 3rd period - Goal by Tye Kartye - Tucson Roadrunners : 4 - Philadelphia Phantoms : 1.
5:03 of 3rd period - Jack McBain wins face-off versus Kiefer Sherwood in neutral zone.
5:50 of 3rd period - Slapshot by Walker Duehr.
5:50 of 3rd period - Shot Misses the Net.
5:56 of 3rd period - Snap shot by Owen Sillinger.
5:56 of 3rd period - Shot Blocked by William Borgen.
6:08 of 3rd period - Slapshot by Jaret Anderson-Dolan.
6:08 of 3rd period - Shot Blocked by Maksymilian Szuber.
6:14 of 3rd period - Louis Crevier is hit by Kiefer Sherwood and loses puck.
7:39 of 3rd period - Samuel Knazko is hit by Alex Steeves and loses puck.
7:50 of 3rd period - Tyler Kleven is hit by Walker Duehr and loses puck.
8:17 of 3rd period - Ryan Johnson is hit by Nicolas Petan and loses puck.
8:50 of 3rd period - Wrist shot by Chase Wheatcroft.
8:50 of 3rd period - Shot Misses the Net.
8:52 of 3rd period - Snap shot by Ben Jones.
8:52 of 3rd period - Deflect By Chase Wheatcroft.
8:52 of 3rd period - Shot Misses the Net.
8:52 of 3rd period - Puck is out of play.
8:53 of 3rd period - Jack McBain wins face-off versus Walker Duehr in Philadelphia Phantoms zone.
8:53 of 3rd period - Jack McBain is hit by Owen Sillinger.
9:25 of 3rd period - Snap shot by Juuso Parssinen.
9:25 of 3rd period - Stopped by Hunter Shepard without a rebound.
9:26 of 3rd period - Brett Murray wins face-off versus Kiefer Sherwood in Tucson Roadrunners zone.
9:31 of 3rd period - Snap shot by Alex Steeves.
9:31 of 3rd period - Goal by Alex Steeves - Tucson Roadrunners : 4 - Philadelphia Phantoms : 2.
9:32 of 3rd period - Jack McBain wins face-off versus Kiefer Sherwood in neutral zone.
9:35 of 3rd period - Slapshot by Marcus Bjork.
9:35 of 3rd period - Stopped by Hunter Shepard with a rebound.
9:37 of 3rd period - Slapshot by Marcus Bjork.
9:37 of 3rd period - Shot Blocked by Topias Vilen.
9:39 of 3rd period - Slapshot by Ryan Johnson.
9:39 of 3rd period - Deflect By Jack McBain.
9:39 of 3rd period - Shot Misses the Net.
9:39 of 3rd period - Puck is out of play.
9:40 of 3rd period - Kiefer Sherwood wins face-off versus Jack McBain in Tucson Roadrunners zone.
9:40 of 3rd period - Topias Vilen beats up Marcus Bjork.
9:40 of 3rd period - Penalty to Marcus Bjork for Fighting.
9:40 of 3rd period - Penalty to Topias Vilen for Fighting.
9:41 of 3rd period - Brock McGinn wins face-off versus Jack McBain in Tucson Roadrunners zone.
10:06 of 3rd period - Pontus Holmberg is hit by William Carrier and loses puck.
10:31 of 3rd period - Gage Goncalves is hit by Alex Steeves and loses puck.
10:42 of 3rd period - Brandon Duhaime is hit by Matt Nieto and loses puck.
10:47 of 3rd period - Snap shot by Kiefer Sherwood.
10:47 of 3rd period - Shot Misses the Net.
10:49 of 3rd period - Slapshot by Maxwell Crozier.
10:49 of 3rd period - Stopped by Jake Allen with a rebound.
11:25 of 3rd period - Icing by Kiefer Sherwood.
11:26 of 3rd period - Ben Jones wins face-off versus Luca Del Bel Belluz in Tucson Roadrunners zone.
11:26 of 3rd period - Ben Jones is hit by James Malatesta.
12:15 of 3rd period - Pontus Holmberg is hit by William Carrier and loses puck.
12:52 of 3rd period - Kiefer Sherwood is hit by James Malatesta and loses puck.
13:01 of 3rd period - Snap shot by James Malatesta.
13:01 of 3rd period - Shot Hit the Post.
13:03 of 3rd period - Slapshot by Luca Del Bel Belluz.
13:03 of 3rd period - Shot Misses the Net.
13:05 of 3rd period - Backhand shot by Luca Del Bel Belluz.
13:05 of 3rd period - Shot Misses the Net.
13:07 of 3rd period - Snap shot by James Malatesta.
13:07 of 3rd period - Deflect By Kiefer Sherwood.
13:07 of 3rd period - Shot Blocked by Ben Jones.
13:07 of 3rd period - Puck is out of play.
13:08 of 3rd period - Jack McBain wins face-off versus Walker Duehr in Tucson Roadrunners zone.
13:09 of 3rd period - Snap shot by Tye Kartye.
13:09 of 3rd period - Stopped by Hunter Shepard with a rebound.
13:43 of 3rd period - Wrist shot by William Carrier.
13:43 of 3rd period - Shot Misses the Net.
13:45 of 3rd period - Slapshot by Samuel Knazko.
13:45 of 3rd period - Stopped by Jake Allen without a rebound.
13:46 of 3rd period - Nicolas Petan wins face-off versus Jack McBain in Philadelphia Phantoms zone.
14:04 of 3rd period - Slapshot by Nick Seeler.
14:04 of 3rd period - Shot Misses the Net.
14:06 of 3rd period - Wrist shot by William Carrier.
14:06 of 3rd period - Stopped by Jake Allen with a rebound.
14:08 of 3rd period - Snap shot by William Carrier.
14:08 of 3rd period - Shot Blocked by William Borgen.
14:10 of 3rd period - Snap shot by Anthony Richard.
14:10 of 3rd period - Shot Blocked by William Borgen.
14:12 of 3rd period - Snap shot by Anthony Richard.
14:12 of 3rd period - Shot Misses the Net.
14:20 of 3rd period - Snap shot by Nicolas Petan.
14:20 of 3rd period - Shot Misses the Net.
14:22 of 3rd period - Backhand shot by William Carrier.
14:22 of 3rd period - Deflect By Brandon Duhaime.
14:22 of 3rd period - Stopped by Jake Allen with a rebound.
14:24 of 3rd period - Snap shot by Anthony Richard.
14:24 of 3rd period - Shot Misses the Net.
14:26 of 3rd period - Snap shot by William Carrier.
14:26 of 3rd period - Goal by William Carrier - Tucson Roadrunners : 5 - Philadelphia Phantoms : 2.
14:27 of 3rd period - Jack McBain wins face-off versus Kiefer Sherwood in neutral zone.
14:42 of 3rd period - Snap shot by Brock McGinn.
14:42 of 3rd period - Shot Blocked by Tyler Kleven.
14:52 of 3rd period - Brett Murray is hit by William Carrier and loses puck.
15:35 of 3rd period - Slapshot by Matt Nieto.
15:35 of 3rd period - Shot Misses the Net.
15:54 of 3rd period - Juuso Parssinen is hit by Maxwell Crozier and loses puck.
16:11 of 3rd period - Pontus Holmberg is hit by Maxwell Crozier and loses puck.
16:45 of 3rd period - James Malatesta is hit by Maksymilian Szuber and loses puck.
18:25 of 3rd period - Alex Steeves is hit by Anthony Richard.
18:40 of 3rd period - Maksymilian Szuber is hit by Brandon Duhaime and loses puck.
Goals for this period are 2 for Tucson Roadrunners vs 2 for Philadelphia Phantoms.
Shots for this period are 6 for Tucson Roadrunners vs 9 for Philadelphia Phantoms.
Back to the Top